[Event "*** Titled Tuesday Blitz"]
[Site "Chess.com"]
[Date "2020.05.26"]
[Round "7"]
[White "almaguerjm"]
[Black "louis198"]
[Result "0-1"]
[WhiteElo "2343"]
[BlackElo "2504"]
[TimeControl "180+1"]
[EndTime "11:21:34 PDT"]
[Termination "louis198 won by resignation"]

1. d4 Nf6 2. Nf3 d5 3. g3 e6 4.
Bg2 Be7 5. O-O O-O 6. c4 c5 7. cxd5 exd5 8. dxc5 Bxc5 9. Nc3 Be6 10. Bg5 Be7 11. Nd4 h6 12. Nxe6 fxe6 13. Bxf6 Bxf6 14. Qb3 Nc6 15. e4 Na5 16. Qa4 d4 17. Ne2 e5 18.
Nc1 Qb6 19. b4 Nc6 20. Nd3 Rac8 21. Rfc1 a5 22. b5 Na7 23. Qb3+ Kh8 24. a4 Qd6 25.
Bh3 Rxc1+ 26. Rxc1 Bg5 27. Rc2 b6 28. Be6 Rf3 29. Bd5 Qf8 30. Rc7 Nc8 31. Kg2 Nd6 32. Rd7 Be3 33. Rxd6 Bxf2 34. Rd8 Qxd8 35. Kxf3 Be3 36.
Nxe5 Qf6+ 37. Ke2 Qxe5 38. Qc4 Qh5+ 39. Ke1 Qe8 40. Qc6 Qf8 41. Kd1 Qf1+ 42. Kc2 Qc1+ 43.
Kb3 Qb1+ 44. Ka3 Bc1+ 0-1

[Event "*** Titled Tuesday Blitz"]
[Site "Chess.com"]
[Date "2020.05.26"]
[Round "7"]
[White "Konovalova_Vera"]
[Black "kasparicy"]
[Result "0-1"]
[WhiteElo "2160"]
[BlackElo "2305"]
[TimeControl "180+1"]
[EndTime "11:21:34 PDT"]
[Termination "kasparicy won by resignation"]

1. d4 Nf6 2. Nf3 g6 3. e3 Bg7 4.
Bd3 d5 5. b3 c5 6. Bb2 Ne4 7.
Nbd2 Bf5 8. O-O O-O 9. Ne5 Nd7 10. f3 Nxd2 11. Qxd2 Bxd3 12. Qxd3 Rc8 13. Nxd7 Qxd7 14.
c3 e5 15. dxc5 Rxc5 16. c4 e4 17. Qe2 Bxb2 18. Qxb2 dxc4 19. fxe4 c3 20. Qc2 Rd8 21. Rfd1 Qe7 22. Rxd8+ Qxd8 23. Rd1 Qe7 24. Rd3 Qe5 25.
Rd4 Kg7 26. h3 b5 27. b4 Rc6 28. Rd5 Qg3 29. Rd3 h5 30. Kf1 Rf6+ 31. Kg1 Qe1+ 32. Kh2 Rc6 33. Rd5 Qxe3 34. Rxb5 h4 35. Rd5 Rf6 36.
Rd3 Qf4+ 37. Kg1 Qf1+ 38. Kh2 Rf2 39. Qxc3+ Kh7 40. Rg3 hxg3+ 41. Qxg3 Re2 42. Qh4+ Kg7 43. Qg4 Re1 44. e5 Qg1+ 45. Kg3 Re3+ 46. Kh4 Qf2+ 47. g3 Rxe5 48. Qd4 Qf6+ 49. Kg4 Rg5+ 0-1

[Event "*** Titled Tuesday Blitz"]
[Site "Chess.com"]
[Date "2020.05.26"]
[Round "7"]
[White "chito89"]
[Black "Escanor89"]
[Result "1/2-1/2"]
[WhiteElo "2729"]
[BlackElo "2570"]
[TimeControl "180+1"]
[EndTime "11:21:35 PDT"]
[Termination "Game drawn by repetition"]

1. e4 c5 2. Nf3 d6 3. d4 cxd4 4. Nxd4 Nf6 5. Nc3 Nc6 6. Bg5 e6 7. Qd2 a6 8. O-O-O Bd7 9. h4 Be7 10. f3 Qc7 11. Kb1 Nxd4 12. Qxd4 b5 13. g4 h6 14. Be3 Rc8 15. Qd2 b4 16. Ne2 d5 17. e5 Ng8 18. Nd4 a5 19. f4 Bc5 20.
Nb5 Bxb5 21. Bxb5+ Kf8 22. Rhe1 Ne7 23. Ba4 h5 24. f5 hxg4 25. Bxc5 Qxc5 26. fxe6 fxe6 27. Bd7 Rh6 28. Rf1+ Kg8 29. Bxc8 Qxc8 30. Qg5 Nf5 31. h5 Qe8 32. Qxg4 Ne3 33. Qe2 Nxd1 34. Qxd1 Qxh5 35.
Qd4 Qh3 36. Rc1 Qf3 37. Qb6 Qe4 38. Qxa5 Rh1 39. b3 Rxc1+ 40. Kxc1 Qe3+ 41. Kb1 Qe1+ 42. Kb2 Qxe5+ 43. Kb1 Qe1+ 44. Kb2 Qc3+ 45. Kb1 Qe1+ 46.
Kb2 Qe5+ 47. Kb1 Qe1+ 1/2-1/2

[Event "*** Titled Tuesday Blitz"]
[Site "Chess.com"]
[Date "2020.05.26"]
[Round "7"]
[White "DivyaDeshmukh23"]
[Black "MilanJeremic"]
[Result "1-0"]
[WhiteElo "2427"]
[BlackElo "2235"]
[TimeControl "180+1"]
[EndTime "11:21:35 PDT"]
[Termination "DivyaDeshmukh23 won on time"]

1. e4 c6 2. d4 d5 3. exd5 cxd5 4.
Bd3 Nc6 5. c3 Nf6 6. h3 g6 7.
Nf3 Bg7 8. O-O O-O 9. Bf4 Bf5 10. Bxf5 gxf5 11. Na3 a6 12. Nc2 e6 13. Ne3 Ne4 14. Nd2 b5 15. Nxe4 fxe4 16. Qh5 Qf6 17. Bg3 Qg6 18. Qe2 f5 19. Bf4 Kh8 20. Kh1 Rg8 21. a4 b4 22. g3 Bh6 23. Ng2 Bg7 24. Be3 e5 25. dxe5 Nxe5 26. Nf4 Qf7 27. Bd4 Nf3 28.
Bxg7+ Rxg7 29. Rfd1 bxc3 30. bxc3 Qf6 31. Rxd5 Qxc3 32.
Rad1 Rag8 33. Rd8 Ne5 34. Qxa6 Qf3+ 35. Ng2 Rg6 36. Rxg8+ Kxg8 37. Rd8+ Kg7 38. Qb7+ Kh6 39. Qa7 1-0

[Event "*** Titled Tuesday Blitz"]
[Site "Chess.com"]
[Date "2020.05.26"]
[Round "7"]
[White "MariaFominykh"]
[Black "LedakovAlexandr"]
[Result "0-1"]
[WhiteElo "2351"]
[BlackElo "2513"]
[TimeControl "180+1"]
[EndTime "11:21:36 PDT"]
[Termination "LedakovAlexandr won on time"]

1. d4 Nc6 2. Nf3 d6 3. e4 g6 4. Nc3 Bg7 5. Be3 Nf6 6. h3 O-O 7. Be2 Re8 8. O-O e5 9. d5 Nd4 10. Nxd4 exd4 11. Bxd4 Nxe4 12. Bxg7 Kxg7 13. Nxe4 Rxe4 14.
Bf3 Re5 15. Re1 Qf6 16. Rxe5 Qxe5 17. c3 Bd7 18. Qd2 Re8 19. c4 Qf6 20. Kh2 Re5 21. Qd4 b6 22. Rd1 a5 23. b3 h5 24. Rd2 h4 25. a3 Re1 26. Qxf6+ Kxf6 27. a4 Bf5 28. g3 hxg3+ 29. fxg3 Rb1 30. Bd1 g5 31. g4 Bg6 32.
Kg3 Ke5 33. Kf2 Ra1 34. Kg3 Rb1 35. Kf3 Be4+ 36. Kg3 Rc1 37. Kf2 Rc3 38. h4 gxh4 39. g5 Rg3 40. Re2 Kf4 41. Bc2 Rg2+ 0-1

[Event "*** Titled Tuesday Blitz"]
[Site "Chess.com"]
[Date "2020.05.26"]
[Round "7"]
[White "IMinTheWings"]
[Black "Tashik"]
[Result "1-0"]
[WhiteElo "2146"]
[BlackElo "2434"]
[TimeControl "180+1"]
[EndTime "11:21:36 PDT"]
[Termination "IMinTheWings won by resignation"]

1. c4 e6 2. Nc3 d5 3. d4 Nf6 4. cxd5 Nxd5 5. e4 Nxc3 6. bxc3 c5 7. Nf3 cxd4 8. cxd4 Bb4+ 9. Bd2 Bxd2+ 10. Qxd2 O-O 11. Bd3 Nc6 12. e5 Qa5 13. Be4 Qxd2+ 14. Kxd2 Bd7 15. Rhc1 Rac8 16. Rab1 b6 17. Kd3 Rfd8 18. Nd2 Be8 19. Bxc6 Bxc6 20. f3 Bd5 21. a4 Kf8 22. a5 bxa5 23.
Rxc8 Rxc8 24. Ra1 Ke7 25. Rxa5 Rc7 26. Ne4 Bxe4+ 27. fxe4 Rb7 28. d5 Kd7 29. Ra6 Kc7 30.
dxe6 fxe6 31. Rxe6 a5 32. Re7+ Kb6 33. Re6+ Kb5 34.
Rd6 Kb4 35. e6 Re7 36. Kd4 a4 37. Kd5 a3 38. Rd7 a2 39. Rxe7 a1=Q 40. Rb7+ Kc3 41. e7 Qa5+ 42. Kc6 Qa4+ 43. Kd6 Qxe4 44. Rb8 Qf4+ 45.
Kd7 Qxb8 46. e8=Q Qxe8+ 47. Kxe8 Kd3 48. Kf7 g5 49. Kf6 h6 50. Kg6 Ke3 51. Kxh6 Kf2 52. Kxg5 Kxg2 53. h4 1-0

[Event "*** Titled Tuesday Blitz"]
[Site "Chess.com"]
[Date "2020.05.26"]
[Round "7"]
[White "QueenOfTactics90"]
[Black "Xeniya2005"]
[Result "1/2-1/2"]
[WhiteElo "1969"]
[BlackElo "2294"]
[TimeControl "180+1"]
[EndTime "11:21:36 PDT"]
[Termination "Game drawn by repetition"]

1. e4 e6 2. Qe2 b6 3. Nf3 Bb7 4. g3 c5 5. Bg2 g6 6. O-O Bg7 7. c3 Ne7 8. d3 O-O 9. h4 h5 10. Bg5 d6 11. Nbd2 Nbc6 12. Rad1 Qc7 13. Nh2 f6 14.
Be3 d5 15. exd5 exd5 16. Bf4 Qd7 17. Rfe1 Rad8 18. Qe6+ Qxe6 19. Rxe6 Kf7 20. Rde1 Ne5 21. Bh3 Bc8 22. Rxe7+ Kxe7 23. Bxc8 Rxc8 24. d4 Kd6 25. dxe5+ fxe5 26. Bg5 Rce8 27. Nhf3 e4 28. Bf4+ Kc6 29.
Ng5 b5 30. f3 exf3 31. Ngxf3 Rxe1+ 32. Nxe1 d4 33. c4 a6 34. b3 Re8 35. Kf2 Bf6 36. Nd3 Kb6 37. Kf3 Kc6 38. Ne4 Be7 39. Ne5+ Kb6 40.
Nxg6 bxc4 41. bxc4 Bd8 42. Ne5 Re7 43. Ng6 Rf7 44. Ne5 Re7 45. Nd3 Kc6 46. Nexc5 Bb6 47. Ne4 a5 48. c5 Ba7 49. Ne5+ Kd5 50. Nf6+ Kxc5 51. Ned7+ Kc6 52. Ne5+ Kc5 53. Nd3+ Kc4 54. Ne5+ Kc5 1/2-1/2

[Event "*** Titled Tuesday Blitz"]
[Site "Chess.com"]
[Date "2020.05.26"]
[Round "7"]
[White "ulkaf961"]
[Black "Denis_Palkovich"]
[Result "1-0"]
[WhiteElo "2203"]
[BlackElo "2302"]
[TimeControl "180+1"]
[EndTime "11:21:36 PDT"]
[Termination "ulkaf961 won by checkmate"]

1. e4 d5 2. exd5 Nf6 3. Nc3 Nxd5 4. Bc4 Nb6 5. Bb3 c5 6. d3 g6 7.
Be3 N8d7 8. Nf3 Bg7 9. Bxf7+ Kxf7 10. Ng5+ Kg8 11. Ne6 Qe8 12. Nc7 Qf7 13. Nxa8 Nxa8 14. O-O b6 15. Ne4 h6 16. c3 Bb7 17. a4 Nc7 18. a5 b5 19. Rc1 c4 20. Bxa7 cxd3 21. Qxd3 Ne5 22. Qd8+ Kh7 23. Qxc7 Bxe4 24. f3 Bd3 25.
Rfe1 Qf4 26. Qxe7 Rf8 27. Bd4 Rf7 28. Qe6 Nxf3+ 29. gxf3 Qxf3 30. Qe3 Bxd4 31. cxd4 Qg4+ 32. Qg3 Qf5 33. Rc7 Bc4 34. Rxf7+ Qxf7 35. Qe5 Qf3 36.
Qe7+ Kh8 37. Qe5+ Kh7 38. Qg3 Qd3 39. Re7+ Kg8 40. Qb8# 1-0

[Event "*** Titled Tuesday Blitz"]
[Site "Chess.com"]
[Date "2020.05.26"]
[Round "7"]
[White "BEEkhishig"]
[Black "Msb2"]
[Result "1-0"]
[WhiteElo "2630"]
[BlackElo "2850"]
[TimeControl "180+1"]
[EndTime "11:21:37 PDT"]
[Termination "BEEkhishig won by checkmate"]

1. c4 e6 2. g3 d5 3. Bg2 Nf6 4. Nf3 dxc4 5. O-O a6 6. a4 Nc6 7. Na3 Na5 8. Qc2 Qd5 9. Rd1 Bd7 10. d3 cxd3 11. Rxd3 Qc5 12. Qd1 Bd6 13. Be3 Qh5 14.
h3 O-O 15. b4 Nc6 16. g4 Nxg4 17. hxg4 Qxg4 18. b5 axb5 19. Nxb5 Ne5 20. Nxe5 Bxe5 21. Rxd7 Bxa1 22. Qxa1 Rxa4 23. Qe1 Qg6 24. Nd4 Rfa8 25. Rxc7 h5 26. Kh2 Qf6 27. Nf3 h4 28. Qc3 Qg6 29.
Ne5 Qh5 30. Nxf7 Rg4 31. Ne5 Rg5 32. Bxg5 Qxg5 33. Qe3 Qf5 34. Bh3 Qf6 35. Rxb7 Rf8 36. Kg2 Kh7 37. Qe4+ Kg8 38. f3 Qg5+ 39. Bg4 h3+ 40.
Kxh3 Qh6+ 41. Kg2 Qh4 42. Bxe6+ Kh8 43. Qg6 Qf4 44. Qh5+ Qh6 45. Ng6+ Kh7 46. Nxf8+ Kh8 47. Qxh6+ gxh6 48. Rh7# 1-0

[Event "*** Titled Tuesday Blitz"]
[Site "Chess.com"]
[Date "2020.05.26"]
[Round "7"]
[White "Playgood28"]
[Black "Ceejay271"]
[Result "0-1"]
[WhiteElo "2296"]
[BlackElo "2407"]
[TimeControl "180+1"]
[EndTime "11:21:37 PDT"]
[Termination "Ceejay271 won by resignation"]

1. d4 Nf6 2. c4 e6 3. Nc3 Bb4 4. Qc2 d5 5. e3 O-O 6. a3 Bxc3+ 7. Qxc3 Ne4 8. Qc2 c5 9. dxc5 a5 10. b3 Nc6 11. Nf3 f5 12. cxd5 Qxd5 13. Bb2 Qxc5 14.
Rc1 Qxc2 15. Rxc2 Bd7 16. Be2 Rac8 17. O-O Ne7 18. Rfc1 Rxc2 19. Rxc2 Rc8 20. Rxc8+ Bxc8 21. Ne5 Nd5 22. Nc4 b6 23. f3 Nc5 24. Bd1 Ba6 25.
Kf2 a4 26. Bd4 axb3 27. Bxc5 Bxc4 28. Bd4 b5 29. Ke1 g5 30. g3 Kf7 31. Kd2 Ke7 32. e4 fxe4 33. fxe4 Nf6 34. Ke3 Nd7 35. e5 h6 36. Kd2 Kd8 37. Kc3 Kc7 38. Bxb3 Bxb3 39. Kxb3 Kc6 40. Kb4 g4 41. a4 bxa4 42. Kxa4 Kd5 43.
Bc3 Nxe5 44. Kb3 Nf3 45. Kc2 Nxh2 46. Bd2 h5 47. Kd3 Nf3 48. Be3 e5 49. Bb6 h4 50.
gxh4 Nxh4 51. Ke3 Nf5+ 52. Kf2 Ke4 53. Bc7 Kd5 54. Kg2 e4 55. Kf2 Kc4 56. Bf4 Kd3 57.
Kg2 Ke2 58. Bg5 e3 59. Bf4 Kd3 60. Kf1 e2+ 61. Ke1 Nd4 62. Bg3 Nf3+ 0-1

[Event "*** Titled Tuesday Blitz"]
[Site "Chess.com"]
[Date "2020.05.26"]
[Round "7"]
[White "sergiochess83"]
[Black "GregShahade"]
[Result "0-1"]
[WhiteElo "2838"]
[BlackElo "2668"]
[TimeControl "180+1"]
[EndTime "11:21:38 PDT"]
[Termination "GregShahade won on time"]

1. e4 e5 2. Nf3 Nc6 3. Bb5 a6 4.
Ba4 Nf6 5. O-O Be7 6. d3 b5 7. Bb3 d6 8. a3 O-O 9. Nc3 Na5 10. Ba2 Be6 11. b4 Bxa2 12. Rxa2 Nc6 13. Bg5 Ng4 14. Bd2 Nf6 15. Re1 Qd7 16. Ne2 a5 17. Qb1 axb4 18.
axb4 h6 19. Ng3 Rfb8 20. Qb3 Rxa2 21. Qxa2 Qe6 22. Qxe6 fxe6 23. Ra1 d5 24. c3 d4 25. Ne2 dxc3 26. Bxc3 Nd7 27. Rc1 Rb7 28. g3 Nxb4 29.
Bxb4 Bxb4 30. d4 Bd6 31. dxe5 Nxe5 32. Nfd4 Kf7 33. f4 Nc4 34. Nxb5 Rxb5 35. Rxc4 Rb2 36. Kf2 e5 37. h4 exf4 38. gxf4 Bxf4 39. Kf3 Be5 40. Rc6 Bd6 41. h5 Rb5 42. Nf4 Rg5 43. Rc4 Ke7 44. Rc2 Kd7 0-1

[Event "*** Titled Tuesday Blitz"]
[Site "Chess.com"]
[Date "2020.05.26"]
[Round "7"]
[White "MilosJi"]
[Black "GoltsevDmitry2000"]
[Result "1-0"]
[WhiteElo "2539"]
[BlackElo "2676"]
[TimeControl "180+1"]
[EndTime "11:21:38 PDT"]
[Termination "MilosJi won by checkmate"]

1. Nf3 d5 2. c4 c6 3. Qb3 Nf6 4. d4 Qb6 5. Nc3 Bg4 6. c5 Qxb3 7. axb3 Ne4 8. Ne5 Bf5 9. g4 Nxc3 10. bxc3 Be6 11.
h3 f6 12. Nd3 Nd7 13. Bg2 a6 14. Bf4 Bf7 15. Bg3 h5 16. Kd2 g5 17. b4 Rd8 18. e3 Bg6 19. Bf3 Kf7 20. Be2 Bg7 21. Rhg1 e5 22. f4 hxg4 23. hxg4 gxf4 24. exf4 Bh6 25.
dxe5 fxe5 26. g5 Bg7 27. Nxe5+ Nxe5 28. fxe5 Rh3 29. Raf1+ Ke7 30. Bg4 Rhh8 31. e6 Ke8 32. Bd6 Rh4 33. Rf6 Be4 34. Be2 Rh8 35. Rgf1 d4 36.
cxd4 Rg8 37. Kc3 Rh8 38. Rf7 Rg8 39. Re7# 1-0

[Event "*** Titled Tuesday Blitz"]
[Site "Chess.com"]
[Date "2020.05.26"]
[Round "7"]
[White "Belka1989"]
[Black "yobdc"]
[Result "0-1"]
[WhiteElo "2351"]
[BlackElo "2084"]
[TimeControl "180+1"]
[EndTime "11:21:38 PDT"]
[Termination "yobdc won on time"]

1. e4 e5 2. d4 exd4 3. Bc4 d5 4. Bxd5 Nf6 5. Qxd4 Nxd5 6. exd5 c6 7. Qe4+ Be7 8.
dxc6 Nxc6 9. Nf3 O-O 10. O-O Be6 11. Nc3 Qa5 12. Bf4 Rfe8 13. Qa4 Bf6 14. Qxa5 Nxa5 15. Nb5 Bc4 16. Nc7 Bxf1 17. Nxe8 Rxe8 18. Kxf1 Bxb2 19. Rb1 Bc3 20. Bd2 Bxd2 21. Nxd2 b6 22. Re1 Rc8 23. Nb3 Nc6 24. a3 Kf8 25. Rd1 Ke7 26. Rd5 Rc7 27. g3 Nd8 28. Rd2 Ne6 29. Re2 Kf6 30. f4 a5 31. Nc1 Rc3 32. Kf2 Rxa3 33. Nd3 Rc3 34. Ke3 g6 35. Kd2 Rc7 36. Re5 h5 37. Rb5 Rc6 38.
Ne5 Rd6+ 39. Nd3 Nc7 40. Re5 Rd5 41. Re1 Ne6 42. Kc1 a4 43. Ne5 b5 44. Kb2 Rd2 45.
h3 Rg2 46. g4 hxg4 47. hxg4 Nd4 0-1

[Event "*** Titled Tuesday Blitz"]
[Site "Chess.com"]
[Date "2020.05.26"]
[Round "7"]
[White "Ariadna_Atreides"]
[Black "ChocolateRoses"]
[Result "1-0"]
[WhiteElo "2080"]
[BlackElo "2271"]
[TimeControl "180+1"]
[EndTime "11:21:38 PDT"]
[Termination "Ariadna_Atreides won on time"]

1. d4 e6 2. c3 f5 3. g3 Nf6 4. Bg2 d5 5. Nh3 c6 6. Nd2 Bd6 7.
Nf3 O-O 8. O-O Ne4 9. Bf4 Be7 10.
Ne5 g5 11. Bd2 Nd7 12. Nxd7 Bxd7 13. f3 Nd6 14. Nf2 Be8 15. e4 Bg6 16. e5 Nf7 17.
f4 g4 18. Nd3 h5 19. Kf2 h4 20.
Rh1 Qc8 21. b3 Kg7 22. Bf1 Rh8 23. Be2 b6 24. c4 Rh5 25. cxd5 cxd5 26. Rc1 Qh8 27.
Rc7 hxg3+ 28. Kxg3 Rh3+ 29. Kg2 Bd8 30. Rc6 Qh4 31.
Be1 Qe7 32. Bg3 Qd7 33. Qc2 Be7 34. Rc7 Qd8 35. Nf2 Rh8 36. Rc1 Bh4 37. Qc6 Bxg3 38. hxg3 Qg8 39. Rh1 Rxh1 40. Nxh1 Qh7 41. Qxe6 Qh3+ 42.
Kg1 Rh8 43. Qf6+ Kh6 44. Rxf7 1-0

[Event "*** Titled Tuesday Blitz"]
[Site "Chess.com"]
[Date "2020.05.26"]
[Round "7"]
[White "Ural_bogatyr"]
[Black "gumimis"]
[Result "1-0"]
[WhiteElo "2333"]
[BlackElo "2193"]
[TimeControl "180+1"]
[EndTime "11:21:39 PDT"]
[Termination "Ural_bogatyr won on time"]

1. e4 c6 2. d4 d5 3. e5 c5 4. dxc5 e6 5. a3 Bxc5 6. b4 Be7 7. Nf3 Nc6 8. Bb2 Nh6 9. Bd3 O-O 10. O-O f6 11.
Nbd2 Nf7 12. Re1 fxe5 13. b5 Nd4 14. Nxe5 Nxe5 15. Rxe5 Nf5 16. Bxf5 exf5 17. Nf3 Bf6 18. Rxd5 Qe7 19. Bxf6 Qxf6 20. Qd4 Be6 21. Rd6 Rac8 22.
Qxf6 Rxf6 23. Re1 Bf7 24. Rxf6 gxf6 25. Nd4 Rc4 26. Rd1 Ra4 27. Nxf5 Bg6 28. Ne7+ Kf7 29. Nxg6 Kxg6 30. Rd3 Rc4 31. g3 Rxc2 32. Rd7 Ra2 33. Rxb7 Rxa3 34. Kg2 Rb3 35. h4 h5 36. Kf1 Rb2 37. Ke1 Kf5 38. Kf1 Kg6 39. Kg2 Kf5 40. Kh3 Kg6 41. f3 Rb3 42. Kg2 Rb2+ 43. Kf1 Kf5 44.
Ke1 Rb3 45. Ke2 Kg6 46. Kd2 Rxf3 47. Rxa7 Rxg3 48. Kc2 Re3 49. Ra4 Re6 50. Rb4 Rb6 51. Kd3 f5 52. Kd4 1-0

[Event "*** Titled Tuesday Blitz"]
[Site "Chess.com"]
[Date "2020.05.26"]
[Round "7"]
[White "Volodar_Murzin"]
[Black "Benjoneliere44"]
[Result "1-0"]
[WhiteElo "2713"]
[BlackElo "2550"]
[TimeControl "180+1"]
[EndTime "11:21:40 PDT"]
[Termination "Volodar_Murzin won on time"]

1. d4 d6 2. Nf3 g6 3. Bf4 Nf6 4.
Nbd2 Nh5 5. Bg5 h6 6. Bh4 g5 7. Bg3 e6 8. e3 Bg7 9. Bd3 Qe7 10.
Qe2 Nc6 11. c3 Bd7 12. O-O-O O-O-O 13. Kb1 Kb8 14. Ka1 f5 15. h3 Nxg3 16. fxg3 h5 17. e4 g4 18. Nh4 Qg5 19. hxg4 hxg4 20.
Rdf1 Rhf8 21. exf5 exf5 22. Rf4 Ne7 23. Bc4 Ng6 24.
Nxg6 Qxg6 25. Rf2 a6 26. Qd3 Bh6 27. a3 Rde8 28. Re2 Rxe2 29. Qxe2 Re8 30. Qd1 Qg5 31. Nb3 Re3 32. Na5 Rxg3 33. Qb3 b6 34. Bd5 f4 35. Nc6+ Bxc6 36. Bxc6 Ka7 37. Qf7 Qg7 38. Qe8 Qf8 39.
Qd7 Qb8 40. Rxh6 f3 41. Rh8 fxg2 42. Rxb8 g1=Q+ 43. Ka2 1-0

[Event "*** Titled Tuesday Blitz"]
[Site "Chess.com"]
[Date "2020.05.26"]
[Round "7"]
[White "Misha_Bilous"]
[Black "Witik"]
[Result "0-1"]
[WhiteElo "2461"]
[BlackElo "2655"]
[TimeControl "180+1"]
[EndTime "11:21:40 PDT"]
[Termination "Witik won on time"]

1. d4 f5 2. Nf3 Nf6 3. g3 e6 4.
Bg2 d5 5. O-O Bd6 6. c4 c6 7.
Nc3 O-O 8. Qc2 Qe8 9. Rb1 b6 10.
b4 Bb7 11. b5 c5 12. cxd5 exd5 13. Bg5 Ne4 14. Rfd1 c4 15. Bf4 Nd7 16. Nxe4 Bxf4 17.
Nc3 Bd6 18. Ne5 Nxe5 19. dxe5 Bxe5 20. Nxd5 Rc8 21. Nf6+ Bxf6 22. Bxb7 Rc5 23. Rd5 Qe7 24. Bc6 c3 25. Rbd1 Rxd5 26. Rxd5 g6 27. Rd7 Qe5 28. Rxa7 Bg7 29. Rd7 Kh8 30. a4 Qc5 31. h4 f4 32.
Rd5 Qb4 33. Rd1 fxg3 34. fxg3 Qg4 35. Qd3 Be5 36. Kg2 Kg7 37. Rf1 Rf6 38. Qd6 Rxd6 39.
Rf7+ Kxf7 40. Be8+ Kf6 41. e4 Qxe4+ 0-1

[Event "*** Titled Tuesday Blitz"]
[Site "Chess.com"]
[Date "2020.05.26"]
[Round "7"]
[White "Semetey"]
[Black "Cocaino74"]
[Result "0-1"]
[WhiteElo "2519"]
[BlackElo "2373"]
[TimeControl "180+1"]
[EndTime "11:21:40 PDT"]
[Termination "Cocaino74 won by resignation"]

1. Nf3 d5 2. g3 c5 3. Bg2 Nf6 4. d3 Nc6 5. Nbd2 g6 6. O-O Bg7 7.
e4 O-O 8. Re1 e5 9. exd5 Nxd5 10.
Nc4 Re8 11. Bg5 f6 12. Bd2 Be6 13. a4 Qd7 14. a5 Rad8 15. c3 Nc7 16. Qb3 b5 17. axb6 axb6 18. Qxb6 Rb8 19. Qxc5 Bf8 20. Qe3 Nd5 21. Qe2 Bg4 22. Qf1 g5 23. h3 Bf5 24.
b4 Ndxb4 25. cxb4 Bxd3 26. Qxd3 Qxd3 27. Na5 Nxb4 28. Re3 Qd7 29. Rb1 e4 30. Ne1 Qxd2 31. Rxe4 Rxe4 32. Bxe4 Re8 33. Bf5 Rxe1+ 34. Rxe1 Qxe1+ 35. Kg2 Nd3 36. Bxd3 Qxa5 37. Bc4+ Kg7 38. g4 Qc5 39.
Bd3 Bd6 40. Be4 Qd4 41. Kf3 Bc5 0-1

[Event "*** Titled Tuesday Blitz"]
[Site "Chess.com"]
[Date "2020.05.26"]
[Round "7"]
[White "GmSergioBarrientos"]
[Black "wonderfultime"]
[Result "0-1"]
[WhiteElo "2615"]
[BlackElo "2952"]
[TimeControl "180+1"]
[EndTime "11:21:41 PDT"]
[Termination "wonderfultime won by resignation"]

1. d4 d5 2. c4 c6 3. Nf3 Nf6 4. Nc3 a6 5. Qc2 dxc4 6. e4 b5 7. b3 Bg4 8. Be3 Bxf3 9. gxf3 b4 10. Na4 c3 11. a3 a5 12. d5 e6 13. Nb6 Ra7 14. Nc4 Rb7 15. d6 Bxd6 16. e5 Be7 17.
exf6 Bxf6 18. axb4 axb4 19. Bc5 Be7 20. Be3 O-O 21. Bd3 g6 22. Ne5 Qd5 23. Bf4 Qd4 24.
Be4 Bf6 25. Ng4 Bg7 26. Rd1 Qb6 27. Be3 Qb5 28. Bd3 Qh5 29. Bc4 Rd7 30. O-O Qh3 31.
Qe4 h5 32. Ne5 Rxd1 33. Rxd1 Bxe5 34. Qxe5 Qxf3 35. Bh6 Qxd1+ 36. Bf1 Qg4+ 37. Bg2 f6 38. Qc7 Rf7 39. Qxb8+ Kh7 40. Be3 c2 41. Qe8 Rg7 42. h3 Qd1+ 43. Kh2 c1=Q 44. Bxc1 Qxc1 45. Qxe6 Qf4+ 46.
Kh1 Qxf2 47. Bxc6 Qf1+ 48. Kh2 Qf4+ 49. Kh1 Ra7 50. Ba4 Rc7 51. Bc6 Qc1+ 0-1

[Event "*** Titled Tuesday Blitz"]
[Site "Chess.com"]
[Date "2020.05.26"]
[Round "7"]
[White "annamaja"]
[Black "Makswolf200817"]
[Result "1-0"]
[WhiteElo "2251"]
[BlackElo "2378"]
[TimeControl "180+1"]
[EndTime "11:21:41 PDT"]
[Termination "annamaja won by resignation"]

1. e4 e6 2. d4 d5 3. exd5 exd5 4. c4 dxc4 5. Bxc4 Nf6 6. Nf3 Bd6 7. O-O O-O 8. Nc3 Nc6 9. Bg5 h6 10. Bh4 Bg4 11.
h3 Bh5 12. g4 Bg6 13. Bd3 Be7 14.
Bxg6 fxg6 15. Qb3+ Kh8 16. Qxb7 Nxd4 17. Ne5 Kh7 18.
Rad1 Qd6 19. Bg3 Rab8 20. Qg2 Qc5 21. Ne4 Ne2+ 22. Kh2 Qb5 23. Nxf6+ Bxf6 24. Nd7 Nxg3 25. Nxf8+ Rxf8 26. fxg3 Qa5 27. a3 Rb8 28. Rf2 Qa4 29. Re1 a5 30. Qe4 Qd7 31. Qc4 Qd6 32. b3 Be5 33.
Rg2 Rf8 34. Qe4 Re8 35. Qf3 Qxa3 36. Rd1 Qb4 37. h4 Rb8 38. h5 gxh5 39. Qf5+ Kh8 40.
Qxe5 Qxg4 41. Rd7 Qxd7 42. Qxh5 Qc6 43. Rf2 Rg8 44. Qe5 Qb5 45. Qxb5 1-0

[Event "*** Titled Tuesday Blitz"]
[Site "Chess.com"]
[Date "2020.05.26"]
[Round "7"]
[White "2008king"]
[Black "AlexZambrano"]
[Result "1-0"]
[WhiteElo "2128"]
[BlackElo "2269"]
[TimeControl "180+1"]
[EndTime "11:21:41 PDT"]
[Termination "2008king won on time"]

1. e4 d5 2. exd5 Qxd5 3. Nc3 Qd6 4. d4 c6 5. Nf3 Bg4 6. Be3 Nf6 7. Be2 e6 8. O-O Nbd7 9. h3 Bxf3 10. Bxf3 Qc7 11.
Ne2 Bd6 12. c4 O-O 13. Nc3 Bf4 14. Qc2 Rad8 15. Rac1 Bxe3 16. fxe3 Qg3 17. Qf2 Qg5 18.
e4 e5 19. d5 cxd5 20. cxd5 b6 21. Nb5 Nc5 22. Qe2 a5 23. Rfd1 Qf4 24. Nc3 Rd6 25.
Rf1 Qh4 26. Nb5 Rd7 27. Nc3 Rfd8 28. Rce1 Qf4 29. Bg4 Qg5 30. Bxd7 Rxd7 31. Rf5 Qg6 32. Ref1 h6 33. a3 Rd6 34. b4 axb4 35. axb4 Ncd7 36.
Nb5 Ne8 37. Rxf7 Rf6 38. R7xf6 Nexf6 39. Nc3 Qg3 40. Nd1 Qb3 41. Qb5 Qc2 42. Nf2 Kh7 43.
d6 Qd2 44. Rd1 Qe3 45. Qf1 1-0

[Event "*** Titled Tuesday Blitz"]
[Site "Chess.com"]
[Date "2020.05.26"]
[Round "7"]
[White "12teen"]
[Black "GHANDEEVAM2003"]
[Result "0-1"]
[WhiteElo "2734"]
[BlackElo "2931"]
[TimeControl "180+1"]
[EndTime "11:21:42 PDT"]
[Termination "GHANDEEVAM2003 won on time"]

1. g3 e5 2. Bg2 d5 3. d3 f5 4. e4 Nf6 5. exd5 Nxd5 6. Nc3 Be6 7. Nf3 Nc6 8. Nxe5 Nxe5 9. Qe2 Qd6 10. d4 Nc6 11.
Nb5 Qe7 12. Bxd5 Bxd5 13. Nxc7+ Kf7 14. Nxd5 Qxe2+ 15. Kxe2 Rd8 16. c4 Nxd4+ 17. Kd3 Ne6 18. Rd1 b5 19. b3 Bc5 20. Be3 Rhe8 21. Kc3 bxc4 22. bxc4 Rd7 23. Rab1 g6 24. Re1 Rc8 25. Bxc5 Nxc5 26. f3 Na4+ 27. Kb4 Nc5 28. Rbd1 Rb7+ 29. Kc3 Na4+ 30. Kd4 Nc5 31. Rb1 Rd7 32. Rbd1 Rb7 33. Rb1 Rd7 34. Rbd1 Na4 35. Rc1 Rc6 36. f4 Nb6 37. Red1 Rcd6 38. Kc5 Na4+ 39. Kd4 Rd8 40. h4 Nb2 41. Re1 R8d7 42. h5 Nxc4 43. Kxc4 Rxd5 44.
hxg6+ hxg6 45. Rc3 Rd2 46. a3 Rb2 0-1

[Event "*** Titled Tuesday Blitz"]
[Site "Chess.com"]
[Date "2020.05.26"]
[Round "7"]
[White "Baronessa08"]
[Black "davidkalashian"]
[Result "0-1"]
[WhiteElo "2402"]
[BlackElo "2603"]
[TimeControl "180+1"]
[EndTime "11:21:42 PDT"]
[Termination "davidkalashian won by checkmate"]

1. c4 Nf6 2. Nc3 e6 3. e4 d5 4.
e5 d4 5. exf6 dxc3 6. bxc3 Qxf6 7. d4 e5 8. Nf3 exd4 9. Bg5 Qe6+ 10. Be2 f6 11. Nxd4 Qd7 12. Bf4 Bd6 13. Be3 O-O 14. Bf3 c6 15. O-O Qc7 16. h3 Na6 17. Qc2 Nc5 18.
Rad1 Bd7 19. Nf5 Bxf5 20. Qxf5 b6 21. Bxc5 Bxc5 22. Be4 g6 23. Qe6+ Kh8 24. Bxc6 Rad8 25. Rxd8 Qxd8 26. Bd5 Re8 27. Qc6 Kg7 28. Kh1 Qc8 29.
Qa4 Re7 30. f4 Qf5 31. Qc6 Re3 32. Qb7+ Kh6 33. Bf3 Qxf4 34. Qf7 Bd6 35. Kg1 Bc5 36. Kh1 Rxc3 37. Be2 Rc1 38. Rxc1 Qxc1+ 39. Kh2 Qf4+ 40. Kh1 Bd6 41. Kg1 Bc5+ 42. Kh1 Bd6 43. Kg1 Qe3+ 44.
Kf1 Qc1+ 45. Kf2 Bc5+ 46. Kf3 Qe3+ 47. Kg4 f5+ 48. Kh4 Qg5# 0-1